 Dungeon Crawl Stone Soup version 0.27.0-1-g7a089689b8 (webtiles) character file.

Game seed: 8874876602047698632

777 Strat the Conjurer (level 7, -1/59 HPs)
             Began as a Red Draconian Hedge Wizard on Aug 12, 2021.
             Was an Initiate of Vehumet.
             Slain by a killer bee (5 damage)
             ... on level 7 of the Dungeon.
             The game lasted 00:18:52 (6578 turns).

Strat the Conjurer (Red Draconian Hedge Wizard)     Turns: 6578, Time: 00:18:53

Health: -1/59      AC:  7    Str: 18    XL:     7   Next: 54%
Magic:  2/13       EV: 12    Int: 16    God:    Vehumet [......]
Gold:   301        SH:  0    Dex: 11    Spells: 2/14 levels left

rFire    + . .     SeeInvis .   a - +2 dagger (venom)
rCold    . . .     Faith    .   (no shield)
rNeg     + . .     Spirit   .   (armour unavailable)
rPois    .         Reflect  .   f - +1 hat
rElec    .         Harm     .   (no cloak)
rCorr    .         Rampage  .   (no gloves)
Will     .....                  (no boots)
Stlth    ++........             (no amulet)
HPRegen  0.19/turn              p - ring of positive energy
MPRegen  0.13/turn              w - +6 ring of strength

@: short of breath, hasted, very quick
A: breathe fire, AC +6, unfitting armour, fire resistance 1, cold-blooded
a: Breathe Fire, Renounce Religion


You were on level 7 of the Dungeon.
You worshipped Vehumet.
Vehumet was noncommittal.
You visited 2 branches of the dungeon, and saw 8 of its levels.

You collected 301 gold pieces.

Inventory:

Hand Weapons
 a - a +2 dagger of venom (weapon)
 b - a +0 hunting sling of venom
 h - a +0 dagger
 o - a +3 short sword
Missiles
 e - 29 sling bullets
 j - 129 stones
 s - 58 poisoned darts
Armour
 f - a +1 hat (worn)
Jewellery
 l - an amulet of faith
 p - a ring of positive energy (left hand)
 w - a +6 ring of strength (right hand)
Wands
 k - a wand of charming (6)
 m - a wand of flame (8)
 t - a wand of iceblast (2)
Potions
 d - a potion of lignification {unknown}
 g - a potion of ambrosia
 i - a potion of haste
 q - a potion of attraction
 v - a potion of heal wounds {unknown}


   Skills:
 + Level 4.1 Fighting
 - Level 1.7 Dodging
 - Level 1.7 Stealth
 - Level 4.0 Spellcasting
 - Level 6.0 Conjurations
 - Level 1.0 Summonings
 - Level 1.0 Translocations
 - Level 2.0 Air Magic
 - Level 2.0 Poison Magic


You had 2 spell levels left.
You knew the following spells:

 Your Spells              Type           Power      Damage    Failure   Level
a - Magic Dart            Conj           88%        1d7       1%          1
b - Apportation           Tloc           12%        N/A       11%         1
c - Blink                 Tloc           N/A        N/A       17%         2
d - Call Imp              Summ           6%         N/A       17%         2
e - Mephitic Cloud        Conj/Pois/Air  13%        N/A       13%         3
f - Conjure Flame         Conj/Fire      12%        6-21      14%         3

Your spell library contained the following spells:

 Spells                   Type           Power      Damage    Failure   Level
 Poisonous Vapours        Pois/Air       18%        N/A       11%         2
 Corpse Rot               Necr/Air       N/A        N/A       17%         2
 Ensorcelled Hibernation  Hex/Ice        6%         N/A       26%         2
 Slow                     Hex            3%         N/A       26%         2
 Spider Form              Tmut/Pois      3%         N/A       32%         3
 Freezing Cloud           Conj/Ice/Air   5%         6-21      83%         5
 Alistair's Intoxication  Tmut/Pois      4%         N/A       97%         5
 Invisibility             Hex            1%         N/A       100%        6
 Shadow Creatures         Summ           N/A        N/A       100%        6


Dungeon Overview and Level Annotations

Branches:
Dungeon (7/15)             Temple (1/1) D:6

Altars:
Ashenzari
Cheibriados
Elyvilon
Fedhas
Gozag
Hepliaklqana
Kikubaaqudgha
Nemelex Xobeh
Okawaru
Qazlal
Sif Muna
Trog
Vehumet
Wu Jian
Xom
Yredelemnul
Zin
The Shining One

Shops:
D:2 =   D:3 =   D:6 [

Annotations:
D:4 Edmund


Innate Abilities, Weirdness & Mutations

You can breathe blasts of fire.
Your fiery red scales are hard. (AC +6)
You cannot fit into any form of body armour.
Your flesh is heat resistant. (rF+)
You are cold-blooded and may be slowed by cold attacks.


Message History

Confirm with . or Enter, or press ? or * to list all spells.
Aiming: Mephitic Cloud (dangerous; 13% risk of failure)
Press: ? - help, Shift-Dir - straight line, f - killer bee
Aim: a killer bee (not susceptible)
The ball explodes into a vile cloud!
The stinking cloud engulfs the killer bee but does no damage.
You hear a shout!
The killer bee is engulfed in noxious fumes.
The killer bee barely misses you.
The killer bee is engulfed in noxious fumes.
The killer bee appears confused.
The killer bee completely misses you.
Something completely misses the killer bee.
The killer bee stings you.
* * * LOW HITPOINT WARNING * * *
The killer bee completely misses you.
You hit the killer bee.
The killer bee is poisoned.
The killer bee is moderately wounded.
The killer bee misses you. The killer bee stings you.
* * * LOW HITPOINT WARNING * * *
The killer bee stings you.
* * * LOW HITPOINT WARNING * * *
The killer bee stings you but does no damage.
You kill the killer bee!
Vehumet accepts your kill. The killer bee stings you.
* * * LOW HITPOINT WARNING * * *
The killer bee closely misses you.
Your Fighting skill increases to level 4!
Press: ? - help, Shift-Dir - straight line, f - killer bee
Aim: a killer bee You breathe a blast of fire.
The fiery breath hits the killer bee!
The killer bee is severely wounded.
The fiery breath hits the killer bee!
The killer bee is heavily wounded.
The killer bee barely misses you. x2
You can't do that yet.
Unknown command.
You feel yourself speed up. The killer bee stings you.
You die...

########## #§yy@....# ##
#.######.######.##
####.#### #.........#
#.......##########...###
#.##.##.#..?.[...##.....
#.##.# #.....##.$.....#
#....# #..)..##......#.
#y.### #.....##.......§
#yy####.#.....##.......#


You could see 2 killer bees.

Vanquished Creatures
  A centaur (D:5)
  2 scorpions
  A killer bee (D:7)
  2 jellies
  2 hounds
  An orc priest (D:4)
  A gnoll shaman (D:7)
  3 iguanas
  An orc wizard (D:6)
  3 gnolls (D:7)
  4 adders
  A white imp (D:6)
  2 ufetubi
  2 worms
  A dart slug (D:3)
  10 orcs
  2 ball pythons
  7 endoplasms
  A giant cockroach (D:2)
  7 hobgoblins
  4 jackals
  7 kobolds
  3 quokkas
  4 bats
  2 frilled lizards
  8 goblins
  19 rats (D:2)
101 creatures vanquished.

Vanquished Creatures (collateral kills)
  A bullfrog (D:4)
  A water moccasin zombie (D:5)
  An orc priest (D:4)
  A gnoll (D:7)
  An adder (D:5)
  2 kobolds (D:7)
7 creatures vanquished.

Grand Total: 108 creatures vanquished

Notes
Turn   | Place    | Note
-------+----------+-------------------------------------------
     0 | D:1      | Strat the Draconian Hedge Wizard began the quest for the
                  | Orb.
     0 | D:1      | Reached XP level 1. HP: 14/14 MP: 4/4
   291 | D:1      | Found a faded altar of an unknown god.
   444 | D:1      | Reached skill level 2 in Conjurations
   458 | D:1      | Reached XP level 2. HP: 20/20 MP: 6/6
   463 | D:1      | Learned a level 1 spell: Apportation
   466 | D:1      | Learned a level 2 spell: Blink
   979 | D:2      | Found Xapteod's Jewellery Shop.
  1176 | D:2      | Reached skill level 3 in Conjurations
  1202 | D:2      | Reached XP level 3. HP: 26/26 MP: 7/7
  1225 | D:2      | Learned a level 2 spell: Call Imp
  1868 | D:3      | Reached skill level 4 in Conjurations
  1868 | D:3      | Reached XP level 4. HP: 31/33 MP: 8/8
  2084 | D:3      | Found Afaec's Jewellery Shoppe.
  2880 | D:4      | Noticed Edmund
  2915 | D:4      | Noticed a bullfrog
  2938 | D:4      | Killed a bullfrog
  2989 | D:4      | Noticed a scorpion
  3027 | D:3      | Killed a scorpion
  3028 | D:3      | Reached XP level 5. HP: 23/38 MP: 8/10
  3321 | D:4      | Reached skill level 5 in Conjurations
  4258 | D:5      | Entered Level 5 of the Dungeon
  4371 | D:5      | Reached XP level 6. HP: 36/45 MP: 12/12
  4473 | D:5      | Reached skill level 6 in Conjurations
  4720 | D:5      | Learned a level 3 spell: Mephitic Cloud
  5336 | D:5      | Reached skill level 1 in Fighting
  5336 | D:5      | Reached skill level 1 in Air Magic
  5336 | D:5      | Reached skill level 1 in Poison Magic
  5862 | D:6      | Noticed an orc warrior
  5882 | D:5      | Your scales start taking on a fiery red colour.
  5882 | D:5      | Reached XP level 7. HP: 47/53 MP: 9/13
  5882 | D:5      | Gained mutation: Your flesh is heat resistant. (rF+) [Red
                  | Draconian growth]
  5919 | D:5      | Learned a level 3 spell: Conjure Flame
  6035 | D:6      | Found a staircase to the Ecumenical Temple.
  6054 | Temple   | Entered the Ecumenical Temple
  6061 | Temple   | Became a worshipper of Vehumet
  6225 | D:6      | Found Uschy's Armour Boutique.
  6578 | D:7      | Slain by a killer bee

Illustrated notes

Levels and vault maps discovered:
D:1:      noname_arrival_rooms_in_the_neighbourhood, layout_loops_ring,
          basic_ecumenical_altar
D:2:      layout_rooms, serial_shops, nicolae_shop_trees, minmay_rat_hole
D:3:      layout_loops_corners, serial_shops, nicolae_shop_waterfront,
          chequers_garden, chequers_serial_rivers_large_a,
          lightli_corner_chamber
D:4:      layout_loops_ring, minivault_23, palyth_stone_intersect,
          kennysheep_generic_room_10, uniq_edmund
D:5:      layout_basic, chequers_serial_rivers_micro_e, grunt_decor_mini_mirrors
D:6:      layout_cave_pools, makhleb_heckhound_becter,
          minmay_temple_entry_poolview, serial_shops, nicolae_lakefront_shop
D:7:      layout_loops_cross, uniq_crazy_yiuf_cottage, uniq_menkaure, uniq_pikel
Temple:   nicolae_temple_no_exploring_needed

Skill      XL: |  1  2  3  4  5  6  7 |
---------------+----------------------+-----
Conjurations   | 2 3 4 5 6 |  6.0
Spellcasting   | 4 |  4.0
Fighting       | 1 4 |  4.1
Air Magic      | 1 2 |  2.0
Poison Magic   | 1 2 |  2.0
Dodging        | |  1.7
Stealth        | |  1.7
Summonings     | |  1.0
Translocations | |  1.0

Action                   |  1- 3 |  4- 6 |  7- 9 || total
-------------------------+-------+-------+-------++-------
Melee: Short sword       |    12 |       |       ||    12
       Dagger            |    52 |    56 |    26 ||   134
       Tailslap          |     5 |     8 |     4 ||    17
 Fire: Hunting sling     |    43 |    52 |     2 ||    97
 Cast: Magic Dart        |    33 |    18 |    11 ||    62
       Blink             |     2 |     2 |     4 ||     8
       Call Imp          |       |    16 |     6 ||    22
       Mephitic Cloud    |       |       |     3 ||     3
 Abil: Breathe Fire      |       |       |     2 ||     2
Evoke: Wand              |     2 |       |     6 ||     8
  Use: Scroll            |       |    11 |     2 ||    13
       Potion            |       |     1 |     5 ||     6
 Stab: Sleeping          |       |     3 |       ||     3
Armor: Skin              |    15 |    28 |    21 ||    64
Dodge: Dodged            |    43 |    66 |    57 ||   166
